 Dungeon Crawl Stone Soup version 0.26-a0-28-gc929df5585 (webtiles) character file.

Game seed: 4131230953199260182, levelgen mode: deterministic

100 Essalna the Digger (level 4, -9/24 HPs)
             Began as a Gargoyle Earth Elementalist on May 28, 2020.
             Mangled by an orc
             ... wielding a +0 hand axe of distortion
              (16 damage)
             ... on level 3 of the Dungeon.
             The game lasted 00:08:33 (2672 turns).

Essalna the Digger (Gargoyle Earth Elementalist)    Turns: 2672, Time: 00:08:33

Health: -9/24      AC:  5    Str: 11    XL:     4   Next: 74%
Magic:  5/8        EV: 12    Int: 17    God:
Gold:   89         SH:  0    Dex: 10    Spells: 3/9 levels left

rFire    . . .     SeeInvis .   e - +0 mace
rCold    . . .     Gourm    .   (no shield)
rNeg     + . .     Faith    .   a - +0 robe (curse)
rPois    ∞         Spirit   .   (no helmet)
rElec    +         Reflect  .   (no cloak)
rCorr    .         Harm     .   (no gloves)
MR       .....                  (no boots)
Stlth    ++........             (no amulet)
HPRegen  0.08/turn              (no ring)
MPRegen  0.11/turn              (no ring)

@: no status effects
A: negative energy resistance 1, electricity resistance, unbreathing,
petrification resistance, rot immunity, AC +3
a: no special abilities


You were on level 3 of the Dungeon.
You were hungry.

You visited 1 branch of the dungeon, and saw 3 of its levels.

You collected 89 gold pieces.

Inventory:

Hand Weapons
 e - a +0 mace (weapon)
Missiles
 b - 122 stones (quivered)
Armour
 a - a cursed +0 robe (worn)
 c - a +0 robe
Scrolls
 f - 2 scrolls of teleportation {unknown}
 g - a scroll of random uselessness {unknown}
 h - a scroll of enchant armour {unknown}
 i - a scroll of remove curse {unknown}
 j - a scroll of blinking {unknown}
 n - a scroll of identify {unknown}
 o - a scroll of fog {unknown}
 p - a scroll of enchant weapon {unknown}
 r - 3 scrolls of immolation {unknown}
Potions
 k - 2 potions of flight {unknown}
 l - a potion of lignification {unknown}
 m - a potion of stabbing {unknown}
 q - a potion of experience {unknown}
Comestibles
 d - 5 rations


   Skills:
 + Level 0.2 Fighting
 + Level 0.2 Armour
 + Level 1.6 Dodging
 - Level 2.1 Stealth
 + Level 3.3 Spellcasting
 + Level 0.2 Conjurations
 - Level 0.7 Transmutations
 + Level 5.1 Earth Magic


You had 3 spell levels left.
You knew the following spells:

 Your Spells              Type           Power        Failure   Level  Hunger
a - Sandblast             Erth           ###...       1%          1    None
b - Passwall              Tmut/Erth      ##......     8%          2    ##.....
c - Stone Arrow           Conj/Erth      ##....       17%         3    ###....

Your spell library contained the following spells:

 Spells                   Type           Power        Failure   Level  Hunger
 Petrify                  Tmut/Erth      ##......     45%         4    ####...
 Lee's Rapid Deconstruct  Erth           ###.......   50%         5    ######.


Dungeon Overview and Level Annotations

Branches:
Dungeon (3/15)

Altars:
Ashenzari


Innate Abilities, Weirdness & Mutations

You are resistant to torment.
Your stone body is resilient. (AC +3)
You are immune to poison.
You resist negative energy. (rN+)
You are resistant to electric shocks. (rElec)
You can survive without breathing.
You are immune to petrification.
You are immune to rotting.


Message History

Confirm with . or Enter, or press ? or * to list all spells.
Aiming: Sandblast (safe; 1% risk of failure)
Press: ? - help, Shift-Dir - straight line, f/p - orc
Aim: an orc, wielding a +0 hand axe of distortion and wearing a +0 leather armour The blast of sand misses the orc.
b - 123 stones The orc hits you but does no damage.
Space warps horribly around you!
Ouch! That really hurt!
* * * LOW HITPOINT WARNING * * *
Casting: Sandblast (safe; 1% risk of failure)
Confirm with . or Enter, or press ? or * to list all spells.
Aiming: Sandblast (safe; 1% risk of failure)
Press: ? - help, Shift-Dir - straight line, f/p - orc
Aim: an orc, wielding a +0 hand axe of distortion and wearing a +0 leather armour The blast of sand hits the orc.
The orc is lightly wounded.
b - 122 stones The orc hits you but does no damage.
Space warps horribly around you!
Ouch! That really hurt!
You die...

#..#.#####...#
#.#.## ###...#
#.### #......
#.# #.#...#
#.# #.#...#
#.# #.#....
#.# #.#....
###########.#
#...##.#
......o@<...#
#........
#############
.........
......#.#
##...##.# #.#
#..


You could see an orc.

Vanquished Creatures
  3 adders (D:2)
  A worm (D:2)
  3 dart slugs
  2 leopard geckos (D:1)
  4 orcs (D:3)
  2 ball pythons
  A giant cockroach (D:1)
  6 goblins
  7 hobgoblins
  4 jackals (D:2)
  8 kobolds
  2 quokkas (D:2)
  7 bats
  6 rats
56 creatures vanquished.

Notes
Turn   | Place    | Note
-------+----------+-------------------------------------------
     0 | D:1      | Essalna the Gargoyle Earth Elementalist began the quest for
                  | the Orb.
     0 | D:1      | Reached XP level 1. HP: 10/10 MP: 3/3
   152 | D:1      | Reached XP level 2. HP: 14/15 MP: 5/5
   159 | D:1      | Reached skill level 4 in Earth Magic
   866 | D:1      | Reached XP level 3. HP: 15/19 MP: 4/7
  1156 | D:1      | Learned a level 2 spell: Passwall
  1160 | D:1      | Learned a level 3 spell: Stone Arrow
  1651 | D:2      | Found a shattered altar of Ashenzari.
  1785 | D:2      | Reached XP level 4. HP: 18/24 MP: 8/8
  2034 | D:2      | Reached skill level 5 in Earth Magic
  2303 | D:3      | HP: 1/24 [orc/boomerang (2)]
  2311 | D:3      | HP: 1/24 [orc/boomerang (1)]
  2672 | D:3      | Mangled by an orc

Illustrated notes

Levels and vault maps discovered:
D:1:      wheals_arrival_linesprint, layout_basic
D:2:      layout_rooms, lemuel_round_altar, kennysheep_generic_room_6
D:3:      layout_loops_cross, marbit_many_paths, first_ration,
          chequers_serial_rivers_micro_e

Skill      XL: |  1  2  3  4 |
---------------+-------------+-----
Earth Magic    | 4 5 |  5.1
Spellcasting   | 3 |  3.3
Fighting       | |  0.2
Armour         | |  0.2
Dodging        | |  1.6
Stealth        | |  2.1
Conjurations   | |  0.2
Transmutations | |  0.7

Action                   |  1- 3 |  4- 6 || total
-------------------------+-------+-------++-------
Melee: Unarmed           |    18 |       ||    18
       Mace              |   113 |    39 ||   152
 Cast: Sandblast         |    25 |    19 ||    44
 Stab: Sleeping          |       |     1 ||     1
  Eat: Chunk             |     3 |     2 ||     5
Armor: Robe              |    98 |    21 ||   119
Dodge: Dodged            |   118 |    49 ||   167

Table legend:
 A = Non-vault XP
 B = Vault XP
 C = Vault XP percentage of total XP
 D = Non-vault monster count
 E = Vault monster count
 F = Vault count percentage of total count
                 A         B        C        D         E       F
            +---------+---------+-------+---------+---------+-------
      Total |     140 |       4 |   2.8 |      53 |       3 |   5.4
            +---------+---------+-------+---------+---------+-------
        D:1 |      44 |       0 |   0.0 |      23 |       0 |   0.0
        D:2 |      81 |       4 |   4.7 |      24 |       3 |  11.1
        D:3 |      15 |       0 |   0.0 |       6 |       0 |   0.0
            +---------+---------+-------+---------+---------+-------
